 Dungeon Crawl Stone Soup version 0.30-a0-354-g6b83867211 (webtiles) character file.

Game seed: 3576955822650588443

49 ytrimaz the Trooper (level 4, 0/37 HPs)
             Began as a Formicid Fighter on Nov 7, 2022.
             Slain by an orc
             ... wielding a +0 short sword
              (1 damage)
             ... on level 3 of the Dungeon.
             The game lasted 00:02:03 (1766 turns).

ytrimaz the Trooper (Formicid Fighter)              Turns: 1766, Time: 00:02:04

Health: 0/37       AC:  6    Str: 20    XL:     4   Next: 1%
Magic:  4/4        EV:  9    Int:  8    God:
Gold:   111        SH:  5    Dex: 15    Spells: 3/3 levels left

rFire   . . .      SeeInvis +    a - +0 long sword
rCold   . . .      Faith    .    c - +0 buckler
rNeg    . . .      Spirit   .    b - +0 scale mail
rPois   .          Reflect  .    (helmet unavailable)
rElec   .          Harm     .    (no cloak)
rCorr   .          Rampage  .    (no gloves)
Will    .....                    (no boots)
Stlth   ..........               f - amulet of the acrobat
HPRegen 0.26/turn                (no ring)
MPRegen 0.09/turn                (no ring)

@: mighty
A: permanent stasis, dig shafts and tunnels, antennae 3, four strong arms
a: Dig, Shaft Self


You were on level 3 of the Dungeon.
You visited 1 branch of the dungeon, and saw 3 of its levels.

You collected 111 gold pieces.


Innate Abilities, Weirdness & Mutations

You cannot be hasted, slowed, berserked, paralysed or teleported.
You can dig through walls and to a lower floor.
You have a pair of large antennae on your head. (SInv)
Your four strong arms can wield two-handed weapons with a shield.


   Skills:
 + Level 4.2 Fighting
 + Level 3.1 Long Blades
 - Level 3.2 Armour
 - Level 4.0 Shields


You had 3 spell levels left.
You didn't know any spells.
Your spell library was empty.

Inventory:

Hand Weapons
 a - a +0 long sword (weapon)
Missiles
 m - 2 poisoned darts
Armour
 b - a +0 scale mail (worn)
 c - a +0 buckler (worn)
Jewellery
 f - an amulet of the acrobat (around neck)
   (You found it on level 1 of the Dungeon)
Scrolls
 h - 2 scrolls of fear
Potions
 d - a potion of might
 e - 4 potions of curing {unknown}
 g - a potion of attraction {unknown}
 j - a potion of magic {unknown}
 k - a potion of invisibility {unknown}

Dungeon Overview and Level Annotations

Branches:
Dungeon (3/15) Zot: 16205

Altars:

Shops:
D:3

=
........................
......###...#...########
......###...#...#
......#...###...#
......#...#######
#............#
..#..............
.................
##....o@.#####...
.....#ooo# .. .........#
. .........# ##.....###
....... ....... .......


You could see an orc wizard and 3 orcs.


Message History

You now have 37 max hp (+7).
Your hp is fully restored (37).
Your mp is fully restored (4).
You now have 111 gold pieces (gained 9).
A frilled lizard comes into view.
The frilled lizard hisses angrily.
A frilled lizard is nearby!
A frilled lizard is nearby!
A frilled lizard is nearby!
The frilled lizard completely misses you.
You closely miss the frilled lizard.
The frilled lizard bites you but does no damage.
The frilled lizard hisses.
The frilled lizard bites you but does no damage.
You slash the frilled lizard!
You kill the frilled lizard!
No target in view!
No target in view!
No target in view!
No target in view!
No target in view!
No target in view!
No target in view!
An orc and an orc wizard come into view.
The orc shouts!
An orc comes into view. It is wielding a +0 short sword.
There are monsters nearby!
There are monsters nearby!
An orc comes into view. It is wielding a +0 dagger.
The orc shouts! x2
The orc closely misses you. The orc wizard completely misses you.
You closely miss the orc wizard.
The orc wizard hits you with a +0 dagger.
The orc closely misses you. 😕 HP[-4]
You take 4 damage, and now have 33/37 hp.
You hit the orc wizard but do no damage.
The orc wizard closely misses you. The orc barely misses you.
The orc wizard hits you with a +0 dagger.
The orc hits you but does no damage. x2 😕 HP[-1]
You take 1 damage, and now have 32/37 hp.
You slash the orc wizard! The orc hits you with a +0 club.
The orc completely misses you.
The orc wizard hits you with a +0 dagger.
You block the orc's attack. 😕 HP[-2]
You take 2 damage, and now have 30/37 hp.
You completely miss the orc wizard. The orc hits you with a +0 short sword.
The orc wizard hits you with a +0 dagger.
The orc barely misses you. x2 😮 HP[-6]
You take 6 damage, and now have 24/37 hp.
You are too injured to fight recklessly!
You are too injured to fight recklessly!
You are too injured to fight recklessly!
You are too injured to fight recklessly!
You are too injured to fight recklessly!
You are too injured to fight recklessly!
You are too injured to fight recklessly!
You are too injured to fight recklessly!
You are too injured to fight recklessly!
You are too injured to fight recklessly!
You are too injured to fight recklessly!
You are too injured to fight recklessly!
You are too injured to fight recklessly!
You are too injured to fight recklessly!
You barely miss the orc wizard. The orc barely misses you.
The orc hits you with a +0 club.
The orc wizard hits you with a +0 dagger.
You block the orc's attack. The orc hits you but does no damage.
You block the orc's attack. x2; You block the orc wizard's attack. 😮 HP[-3]
You take 3 damage, and now have 21/37 hp.
Unknown command.
You closely miss the orc wizard. The orc wizard barely misses you.
The orc hits you with a +0 short sword. The orc misses you. x2 😮 HP[-2]
You take 2 damage, and now have 19/37 hp.
You closely miss the orc wizard. You block the orc's attack.
The orc wizard hits you but does no damage.
The orc hits you but does no damage. The orc hits you with a +0 dagger.
You closely miss the orc wizard. The orc hits you with a +0 short sword.
* * * LOW HITPOINT WARNING * * *
The orc wizard hits you with a +0 dagger.
* * * LOW HITPOINT WARNING * * *
The orc hits you with a +0 club.
* * * LOW HITPOINT WARNING * * *
The orc closely misses you. x2; The orc hits you but does no damage.
The orc wizard hits you but does no damage.
You block the orc's attack.
Unknown command. 😨 HP[-8]
You take 8 damage, and now have 11/37 hp.
MASSIVE DAMAGE!! (PAUSE)
You feel very mighty all of a sudden. The orc wizard casts a spell at you.
The magic dart hits you!
* * * LOW HITPOINT WARNING * * *
The orc hits you with a +0 short sword.
You die...

Skill      XL: |  1  2  3 |
---------------+----------+-----
Fighting       | 4 |  4.2
Long Blades    | 3 |  3.1
Armour         | |  3.2
Shields        | |  4.0

Action                   |  1- 3 |  4- 6 || total
-------------------------+-------+-------++-------
Melee: Long sword        |    80 |    10 ||    90
  Use: Scroll            |     5 |       ||     5
       Potion            |       |     1 ||     1
Armor: Scale mail        |    33 |     9 ||    42
Dodge: Dodged            |    49 |    15 ||    64
Block: Buckler           |    22 |     7 ||    29

Levels and vault maps discovered:
D:1:      lemuel_arrival_behind_the_door_large, layout_basic,
          minmay_misc_feat_tower, minmay_misc_feat_chi
D:2:      layout_rooms
D:3:      layout_basic, lemuel_crystal_altar, serial_shops, shop_statue,
          uniq_sigmund

Notes
Turn   | Place    | Note
-------+----------+-------------------------------------------
     0 | D:1      | ytrimaz the Formicid Fighter began the quest for the Orb.
     0 | D:1      | Reached XP level 1. HP: 18/18 MP: 1/1
     0 | D:1      | magus.rc [v1.9.6]
   191 | D:1      | Reached XP level 2. HP: 24/24 MP: 2/2
  1184 | D:2      | Reached XP level 3. HP: 24/30 MP: 3/3
  1188 | D:2      | Reached skill level 4 in Fighting
  1651 | D:3      | Found Zesm's Jewellery Emporium.
  1659 | D:3      | Reached skill level 3 in Long Blades
  1683 | D:3      | Reached XP level 4. HP: 26/37 MP: 4/4
  1766 | D:3      | HP: 1/37 [orc wizard/magic dart (10)]
  1766 | D:3      | Slain by an orc

Vanquished Creatures
  2 adders
  3 dart slugs (D:1)
  2 endoplasms
  A giant cockroach (D:2)
  2 goblins
  2 hobgoblins
  A quokka (D:1)
  5 ball pythons
  2 bats (D:1)
  4 frilled lizards
  A rat (D:1)
25 creatures vanquished.

Table legend:
 A = Non-vault XP
 B = Vault XP
 C = Vault XP percentage of total XP
 D = Non-vault monster count
 E = Vault monster count
 F = Vault count percentage of total count
                 A         B        C        D         E       F
            +---------+---------+-------+---------+---------+-------
      Total |      70 |       0 |   0.0 |      25 |       0 |   0.0
            +---------+---------+-------+---------+---------+-------
        D:1 |      28 |       0 |   0.0 |      14 |       0 |   0.0
        D:2 |      24 |       0 |   0.0 |       7 |       0 |   0.0
        D:3 |      18 |       0 |   0.0 |       4 |       0 |   0.0
            +---------+---------+-------+---------+---------+-------

Illustrated notes

Table legend:
 A = Kills in this place as a percentage of kills in entire the game.
 B = Kills by you in this place as a percentage of kills by you in the entire game.
 C = Kills by friends in this place as a percentage of kills by friends in the entire game.
 D = Other kills in this place as a percentage of other kills in the entire game.
 E = Experience gained in this place as a percentage of experience gained in the entire game.
 F = Experience gained in this place divided by the number of levels of this place that you have seen.
                   A       B       C       D       E      F
               +-------+-------+-------+-------+-------+----------------------
         Total | 100.0 | 100.0 |   N/A |   N/A | 100.0 |  23.3
       Dungeon | 100.0 | 100.0 |   N/A |   N/A | 100.0 |  23.3
               +-------+-------+-------+-------+-------+----------------------

Table legend: (Time is in decaauts)
 A = Elapsed time spent in this place.
 B = Non-inter-level travel time spent in this place.
 C = Inter-level travel time spent in this place.
 D = Time resting spent in this place.
 E = Time spent auto-exploring this place.
 F = Levels seen in this place.
 G = Mean time per level.
                   A        B        C        D        E       F      G
               +--------+--------+--------+--------+--------+-----+--------+
         Total |   1793 |   1721 |     72 |      0 |   1474 |   3 |  597.7 |
       Dungeon |   1793 |   1721 |     72 |      0 |   1474 |   3 |  597.7 |
               +--------+--------+--------+--------+--------+-----+--------+

Top non-repeatable levels by time:
     D:1: 1139 daAuts
     D:2: 513 daAuts
     D:3: 140 daAuts
